 Dungeon Crawl Stone Soup version 0.32-a0-818-gb728d0252e (webtiles) character file.

Game seed: 14314667811204207470

2629 porpoise the Cleaver (level 9, -12/79 HPs)
             Began as a Mountain Dwarf Fighter on Mar 25, 2024.
             Mangled by an ogre
             ... wielding a +0 giant spiked club
              (23 damage)
             ... on level 7 of the Dungeon.
             The game lasted 00:18:00 (7479 turns).

porpoise the Cleaver (Mountain Dwarf Fighter)       Turns: 7479, Time: 00:18:00

Health: -12/79     AC: 10    Str: 22    XL:     9   Next: 35%
Magic:  18/18      EV:  8    Int:  8    God:
Gold:   361        SH:  5    Dex: 14    Spells: 8/8 levels left

rFire   . . .        a - +0 war axe
rCold   + + .        c - +0 buckler
rNeg    . . .        b - +0 scale mail
rPois   .            (no helmet)
rElec   .            k - scarf {repulsion}
rCorr   .            u - +0 pair of gloves
SInv    .            h - +0 pair of boots
Will    +....        (no amulet) Stlth
                     g - ring of willpower
HPRegen 0.33/turn    I - ring "Ceduumak" {Wiz rC++ MP+9 Dex+3}
MPRegen 0.16/turn

%: repel missiles, wizardry (x1)
@: no status effects
A: runic magic, artefact enchanting
a: no special abilities


You were on level 7 of the Dungeon.
You visited 2 branches of the dungeon, and saw 8 of its levels.

You collected 361 gold pieces.

Inventory:

Hand Weapons
 a - a +0 war axe (weapon)
 x - a +0 trident
 A - a +0 sling
 B - a +0 dagger of draining
Missiles
 q - 4 poisoned darts (quivered)
Armour
 b - a +0 scale mail (worn)
 c - a +0 buckler (worn)
 h - a +0 pair of boots (worn)
 k - a scarf of repulsion (worn)
 u - a +0 pair of gloves (worn)
Jewellery
 g - a ring of willpower (left hand)
 p - a ring of magical power
 r - the amulet of the Thistle {Harm Rampage Regen+ Int-5 Dex-2}
   (You found it on level 2 of the Dungeon)

   [amulet of regeneration]

   Int-5:     It affects your intelligence (-5).
   Dex-2:     It affects your dexterity (-2).
   Regen+:    It increases your rate of health regeneration.
   Harm:      It increases damage dealt and taken.
   Rampage:   It bestows one free step when moving towards enemies.
 v - a ring of protection from fire
 y - an amulet of reflection
 D - a ring of resist corrosion
 I - the ring "Ceduumak" (right hand) {Wiz rC++ MP+9 Dex+3}
   (You found it on level 6 of the Dungeon)

   [ring of wizardry]

   Wiz:       It improves your spell success rate.
   Dex+3:     It affects your dexterity (+3).
   rC++:      It greatly protects you from cold.
   MP+9:      It affects your magic capacity (+9).
Wands
 s - a wand of acid (6)
 F - a wand of roots (6)
Scrolls
 f - a scroll of blinking {unknown}
 i - 4 scrolls of teleportation
 j - a scroll of noise
 l - 2 scrolls of identify
 n - a scroll of silence {unknown}
 o - a scroll of revelation {unknown}
 t - a scroll of fear {unknown}
 z - a scroll of enchant weapon {unknown}
 G - a scroll of amnesia {unknown}
Potions
 d - 2 potions of might
 e - 7 potions of curing
 m - 3 potions of heal wounds
 w - a potion of haste
 C - a potion of lignification
 E - 2 potions of enlightenment
 H - a potion of cancellation


   Skills:
 - Level 7.0 Fighting
 * Level 11.5 Axes
 - Level 7.0 Armour
 - Level 5.0 Shields


You had 8 spell levels left.
You didn't know any spells.
Your spell library contained the following spells:

 Spells                   Type           Power      Damage    Failure   Level
 Freeze                   Ice            0%         1d3       26%         1
 Sting                    Conj/Alch      0%         1d3       26%         1
 Ensorcelled Hibernation  Hex/Ice        0%         N/A       36%         2
 Mercury Vapours          Alch/Air       0%         N/A       36%         2
 Sublimation of Blood     Necr           0%         N/A       36%         2
 Fugue of the Fallen      Necr           0%         N/A       58%         3
 Inner Flame              Hex/Fire       0%         N/A       58%         3
 Anguish                  Hex/Necr       0%         N/A       92%         4
 Leda's Liquefaction      Alch/Erth      0%         N/A       92%         4
 Olgreb's Toxic Radiance  Alch           0%         N/A       92%         4
 Petrify                  Alch/Erth      0%         N/A       92%         4
 Irradiate                Conj/Alch      0%         3d11      99%         5
 Metabolic Englaciation   Hex/Ice        0%         N/A       99%         5
 Ignition                 Fire           0%         3d3       100%        8


Dungeon Overview and Level Annotations

Branches:
Dungeon (7/15)             Temple (1/1) D:5

Altars:
Ashenzari
Cheibriados
Dithmenos
Elyvilon
Fedhas
Gozag
Hepliaklqana
Kikubaaqudgha
Makhleb
Nemelex Xobeh
Okawaru
Ru
Sif Muna
Trog
Uskayaw
Vehumet
Xom
Yredelemnul
Zin
The Shining One

Shops:
D:7 (


Innate Abilities, Weirdness & Mutations

Your spellcasting is much less encumbered by armour.
You can use scrolls of enchantment on lesser artefacts.


Message History

You block Pikel's attack.
You miss Pikel.
Pikel is lightly wounded.
Pikel hits you with a +0 whip of flaming.
Pikel burns you.
You slash Pikel!
Pikel is moderately wounded.
You block Pikel's attack.
You completely miss Pikel.
Pikel is moderately wounded.
Pikel hits you but does no damage.
You hit Pikel but do no damage.
Pikel is moderately wounded.
Pikel hits you with a +0 whip of flaming!
Pikel burns you.
You are too injured to fight recklessly!
You slash Pikel!
Pikel is severely wounded.
You hear a shout! x2
Pikel hits you with a +0 whip of flaming!
Pikel burns you.
You hit Pikel.
Pikel is severely wounded.
A lemure comes into view.
Pikel hits you with a +0 whip of flaming.
Pikel burns you.
You slash Pikel!
You kill Pikel!
With Pikel's spell broken, his former minion thanks you for its freedom.
The lemure departs this earthly plane.
Training target 7.0 for Armour reached!
Your Axes skill increases to level 11!
Your Armour skill increases to level 7!
You slash the ogre!
The ogre is heavily wounded.
The ogre hits you with a +0 giant spiked club!
* * * LOW HITPOINT WARNING * * *
You slash the ogre!
The ogre is severely wounded.
The ogre hits you with a +0 giant spiked club!!
You die...

........#####.##........#
..........<...###.....(.#
.......##...............#
...[........##..#.......#
...∩K..........##.......#
..........##...##.......#
.!#.....# #.#.#....#####
....#.5####........#
.##......#@##.....#
......O...#O##.....#
...##........###....# ..
#.....§### #....# .
######## #....# ######


You could see an ogre.

Vanquished Creatures
  Pikel (D:7)
  Sigmund (D:5)
  A steam dragon (D:6)
  Edmund (D:5)
  A water moccasin (D:3)
  An ice beast (D:6)
  2 ogres
  A sky beast (D:6)
  A black bear (D:5)
  A centaur (D:5)
  A lemure (D:7)
  A phantom (D:4)
  A bullfrog (D:6)
  2 scorpions
  3 crimson imps (D:6)
  4 hounds
  12 iguanas
  3 orc wizards (D:6)
  15 adders
  4 white imps (D:5)
  An ufetubus (D:6)
  4 ribbon worms
  3 dart slugs
  6 orcs
  7 ball pythons
  11 bats
  6 endoplasms
  6 giant cockroaches
  9 goblins
  8 hobgoblins
  14 kobolds
  3 quokkas
  A frilled lizard (D:3)
  5 rats
141 creatures vanquished.

Vanquished Creatures (others)
  An adder (D:3)
  A ribbon worm (D:3)
  A quokka (D:3)
3 creatures vanquished.

Grand Total: 144 creatures vanquished

Notes
Turn   | Place    | Note
-------+----------+-------------------------------------------
     0 | D:1      | porpoise the Mountain Dwarf Fighter began the quest for the
                  | Orb.
     0 | D:1      | Reached XP level 1. HP: 19/19 MP: 1/1
   177 | D:1      | Reached XP level 2. HP: 26/26 MP: 2/2
   186 | D:1      | Reached skill level 3 in Axes
   556 | D:1      | Reached XP level 3. HP: 31/31 MP: 3/3
   918 | D:2      | Found a faded altar of an unknown god.
   925 | D:2      | Got Plato's Encyclopedia of Graupel
   936 | D:2      | Reached skill level 4 in Axes
   991 | D:2      | Reached XP level 4. HP: 37/40 MP: 4/4
  1454 | D:2      | Identified the amulet of the Thistle {Harm Rampage Regen+
                  | Int-5 Dex-2}
  2074 | D:3      | Noticed a water moccasin
  2083 | D:3      | Killed a water moccasin
  2084 | D:3      | Reached skill level 5 in Axes
  2084 | D:3      | Reached XP level 5. HP: 24/47 MP: 5/5
  2225 | D:3      | You fall into a shaft and drop 2 floors!
  2225 | D:5      | Entered Level 5 of the Dungeon
  2225 | D:5      | Found a staircase to the Ecumenical Temple.
  2241 | Temple   | Entered the Ecumenical Temple
  2465 | D:5      | Reached XP level 6. HP: 46/55 MP: 6/6
  2634 | D:5      | Reached skill level 5 in Fighting
  2634 | D:5      | Reached skill level 6 in Axes
  2634 | D:5      | Reached skill level 5 in Shields
  2927 | D:5      | Reached XP level 7. HP: 58/61 MP: 7/7
  3105 | D:3      | Reached skill level 7 in Axes
  3390 | D:3      | Found a hide-covered altar of Uskayaw.
  3697 | D:4      | Found a sparkling altar of Nemelex Xobeh.
  3697 | D:4      | Found a transporter.
  4106 | D:4      | Found an iron altar of Okawaru.
  5034 | D:5      | Noticed Sigmund
  5063 | D:5      | Killed Sigmund
  5064 | D:5      | Reached skill level 8 in Axes
  5064 | D:5      | Reached XP level 8. HP: 20/70 MP: 8/8
  5452 | D:5      | Noticed Edmund
  5474 | D:5      | Killed Edmund
  5786 | D:5      | Reached skill level 5 in Armour
  6078 | D:5      | Reached skill level 9 in Axes
  6338 | D:6      | Found a glowing golden altar of the Shining One.
  6673 | D:6      | Reached skill level 10 in Axes
  6781 | D:6      | Found a glowing golden altar of the Shining One.
  6800 | D:6      | Reached XP level 9. HP: 72/79 MP: 9/9
  6981 | D:6      | Found a shimmering altar of Xom.
  7240 | D:6      | Identified the ring "Ceduumak" {Wiz rC++ MP+9 Dex+3}
  7409 | D:7      | Found Peuxieqe's Weapon Boutique.
  7449 | D:7      | Noticed Pikel
  7477 | D:7      | Killed Pikel
  7478 | D:7      | Reached skill level 11 in Axes
  7479 | D:7      | Mangled by an ogre

Illustrated notes

Levels and vault maps discovered:
D:1:      dpeg_arrival_houses_and_road, layout_loops_ring, serial_forest,
          infiniplex_forest_end_2, infiniplex_forest_straight_2,
          infiniplex_forest_clump_tiny, infiniplex_forest_straight_3,
          infiniplex_forest_lined_room_3
D:2:      layout_loops_ring, serial_glass, glass_columns_c, glass_columns_a,
          shapermc_ecumenical_altar_rom_forum, corexii_item_surrounded_by_moat,
          minmay_fractal_squares_5
D:3:      layout_loops_ring, mainiacjoe_overflow_alcove_1, lemuel_flame_loot_1
D:4:      layout_basic, grunt_nemelex_the_gamble, amcnicky_altar_gilded,
          serial_bayou_pond_b
D:5:      nicolae_cairo_tiling, layout_layer_cave, temple_fountains,
          serial_library, serial_library_hellmonk_semicircle,
          serial_library_hellmonk_semicircle,
          serial_library_regret_index_headful,
          serial_library_regret_index_double_sided,
          serial_library_hellmonk_small_alcove,
          serial_library_hellmonk_long_bookcase,
          serial_library_regret_index_split_case,
          serial_library_hellmonk_small_corner,
          serial_library_hellmonk_reading_circle,
          serial_library_hellmonk_recessed_alcove, glass_columns_a,
          corexii_item_surrounded_by_moat, chequers_jeans, abandoned_shop,
          grunt_ministairs_8, uniq_sigmund, uniq_edmund
D:6:      layout_loops_cross, led_xom_imps, tso_oasis_becter,
          kennysheep_small_circle
D:7:      layout_rooms, serial_shops, nicolae_shop_waterfront, shop, shop,
          uniq_pikel
Temple:   nicolae_temple_bog_church

Skill      XL: |  1  2  3  4  5  6  7  8  9 |
---------------+----------------------------+-----
Axes           | 3 4 5 6 8 10 11 | 11.5
Shields        | 4 5 |  5.0
Fighting       | 4 5 6 7 |  7.0
Armour         | 4 6 7 |  7.0

Action                     |  1- 3 |  4- 6 |  7- 9 || total
---------------------------+-------+-------+-------++-------
  Melee: War axe           |    77 |   144 |   340 ||   561
  Throw: Dart              |       |       |     3 ||     3
    Use: Scroll            |       |       |     8 ||     8
 Armour: Scale mail        |    57 |   113 |   234 ||   404
  Dodge: Dodged            |    28 |    68 |   109 ||   205
         Repelled          |       |     3 |     7 ||    10
  Block: Buckler           |    20 |    31 |    51 ||   102

Table legend: (Time is in decaauts)
 A = Elapsed time spent in this place.
 B = Non-inter-level travel time spent in this place.
 C = Inter-level travel time spent in this place.
 D = Time resting spent in this place.
 E = Time spent auto-exploring this place.
 F = Levels seen in this place.
 G = Mean time per level.
                   A        B        C        D        E       F      G
               +--------+--------+--------+--------+--------+-----+--------+
         Total |   7579 |   7333 |    246 |   1775 |   4238 |   8 |  947.4 |
       Dungeon |   7577 |   7332 |    245 |   1775 |   4238 |   7 | 1082.4 |
        Temple |      1 |      0 |      1 |      0 |      0 |   1 |    1.0 |
               +--------+--------+--------+--------+--------+-----+--------+

Top non-repeatable levels by time:
     D:5: 2339 daAuts
     D:4: 1264 daAuts
     D:6: 1073 daAuts
     D:3: 1036 daAuts
     D:2: 944 daAuts
     D:1: 809 daAuts
     D:7: 109 daAuts
  Temple: 1 daAuts
